[Event "Titled Tuesday Blitz August 15 Late 2023"]
[White "NigelDwarf"]
[Black "Nasir, Zehn"]
[BlackFideId "2613239"]
[WhiteElo "2494"]
[BlackElo "2615"]
[Result "1-0"]
[Round "7"]
[TimeControl "180+1"]
[Date "2023.08.15"]
[WhiteClock "0:00:19"]
[BlackClock "0:00:08"]
[Board "52"]

1. Nf3 d5 2. c4 c6 3. e3 Nf6 4. Nc3 Bg4 5. cxd5 cxd5 6. Qb3 Bxf3 7. Qxb7 Nbd7 8. gxf3 e6 9. Nb5 Rc8 10. Qxa7 Bc5 11. Qa4 O-O 12. d4 Be7 13. Bd3 e5 14. Bd2 Qb6 15. O-O e4 16. fxe4 dxe4 17. Be2 Qe6 18. Kh1 Ng4 19. d5 Qf5 20. Nd4 Qh5 21. Bxg4 Qxg4 22. Rg1 Qh3 23. Rg3 Nc5 24. Qa7 Qh4 25. Nf5 Qf6 26. Nxe7+ Kh8 27. Bc3 Qxe7 28. Bxg7+ Kg8 29. Bf6# 1-0


[Site "https://www.chess.com"]

[Event "Titled Tuesday Blitz August 15 Late 2023"]
[White "brm72"]
[Black "Ibadov, Dashgyn"]
[BlackFideId "24107514"]
[WhiteElo "2482"]
[BlackElo "2603"]
[Result "0-1"]
[Round "7"]
[TimeControl "180+1"]
[Date "2023.08.15"]
[WhiteClock "0:01:37"]
[BlackClock "0:02:33"]
[Board "53"]

1. e4 e6 2. d4 d5 3. e5 c5 4. c3 Qb6 5. Nf3 Nc6 6. Bd3 cxd4 7. O-O Bd7 8. Nbd2 dxc3 9. bxc3 Nge7 10. Rb1 Qc7 11. c4 Ng6 12. cxd5 exd5 13. Re1 Be7 14. h4 O-O 15. h5 Ngxe5 16. Nxe5 Nxe5 17. Bf1 Ng4 18. g3 Bc5 19. Re2 Qxg3+ 0-1


[Site "https://www.chess.com"]

[Event "Titled Tuesday Blitz August 15 Late 2023"]
[White "Vlassov, Nikolai"]
[Black "Yeritsyan, Hayk"]
[WhiteFideId "4103360"]
[BlackFideId "13307320"]
[WhiteElo "2598"]
[BlackElo "2492"]
[Result "1-0"]
[Round "7"]
[TimeControl "180+1"]
[Date "2023.08.15"]
[WhiteClock "0:01:21"]
[BlackClock "0:00:11"]
[Board "54"]

1. e4 c6 2. d4 d5 3. f3 Nf6 4. Nc3 e6 5. Be3 Be7 6. e5 Nfd7 7. f4 c5 8. Nf3 Nc6 9. Bb5 cxd4 10. Nxd4 Nxd4 11. Bxd4 O-O 12. Qd2 Bc5 13. Bxd7 Bxd4 14. Qxd4 Bxd7 15. O-O-O Qc7 16. f5 Qb6 17. Qxb6 axb6 18. f6 Bc6 19. a3 Rfd8 20. Rd4 gxf6 21. exf6 e5 22. Rg4+ Kh8 23. Re1 e4 24. Rg7 Rd7 25. Re3 Rg8 26. Reg3 Rxg7 27. Rxg7 d4 28. Ne2 Rd6 29. Rxf7 d3 30. Rf8# 1-0


[Site "https://www.chess.com"]

[Event "Titled Tuesday Blitz August 15 Late 2023"]
[White "Nathan, Nitish"]
[Black "Chor, Kevin"]
[WhiteFideId "30927870"]
[BlackFideId "2090740"]
[WhiteElo "2479"]
[BlackElo "2578"]
[Result "1/2-1/2"]
[Round "7"]
[TimeControl "180+1"]
[Date "2023.08.15"]
[WhiteClock "0:01:30"]
[BlackClock "0:00:18"]
[Board "55"]

1. d4 Nf6 2. Bf4 g6 3. e3 Bg7 4. Nf3 d6 5. h3 O-O 6. Be2 b6 7. O-O Bb7 8. c4 Nbd7 9. Nc3 Re8 10. Bh2 e5 11. b4 e4 12. Nd2 Nf8 13. Qc2 Qe7 14. Nb3 h5 15. c5 Ne6 16. Nb5 dxc5 17. bxc5 a6 18. c6 Bc8 19. Nc3 Ng5 20. h4 Ne6 21. Nxe4 Ng4 22. Bg3 f5 23. Nc3 f4 24. exf4 Nxd4 25. Nxd4 Bxd4 26. Qxg6+ Bg7 27. Bc4+ Be6 28. Rae1 Bxc4 29. Rxe7 Rxe7 30. Rd1 Rae8 31. f3 Nf6 32. Ne4 Nxe4 33. fxe4 Bf7 34. Qf5 Rxe4 35. Qd7 R8e7 36. Qc8+ Kh7 37. Rd7 Be6 38. Rxe7 Bxc8 39. Rxe4 Bf5 40. Re7 Bb1 41. Rxc7 Bxa2 42. Rb7 Bd5 43. Rxb6 Bd4+ 44. Bf2 Bxb6 45. Bxb6 Bxc6 46. Ba5 Kg6 47. Kf2 Kf5 48. g3 Bb5 49. Kf3 Bc6+ 50. Kf2 Bb5 51. Ke3 Kg4 52. Be1 Bc6 53. Kd4 Kf5 54. Kc5 Bb5 55. Kd6 Bf1 56. Ke7 Be2 57. Kf7 Bd3 58. Kg7 Be2 59. Kh6 Bf3 60. Ba5 Be2 61. Be1 Bf3 62. Kh7 Be2 63. Kg7 Bf3 64. Kf7 Be2 65. Ke7 Bf3 66. Kd6 Be2 67. Kc5 Bf3 68. Kb6 Be2 69. Ka5 Bd3 70. Kb4 Be2 71. Kc3 Bf1 72. Kd4 Bb5 73. Kc5 Bf1 74. Kb6 Be2 75. Kc7 Bf1 76. Kc8 Be2 77. Kd7 Bf1 78. Kd6 Be2 79. Ke7 Bf1 80. Kf7 Be2 81. Kg7 Bf1 82. Kh6 Be2 83. Kg7 1/2-1/2


[Site "https://www.chess.com"]

[Event "Titled Tuesday Blitz August 15 Late 2023"]
[White "Khater, Sherif"]
[Black "djathtaspogradec"]
[WhiteFideId "2034280"]
[WhiteElo "2567"]
[BlackElo "2467"]
[Result "0-1"]
[Round "7"]
[TimeControl "180+1"]
[Date "2023.08.15"]
[WhiteClock "0:00:19"]
[BlackClock "0:00:44"]
[Board "56"]

1. a3 d5 2. e3 e5 3. Nf3 e4 4. Nd4 c5 5. Ne2 Nf6 6. b4 cxb4 7. axb4 Bxb4 8. Bb2 O-O 9. h3 Nc6 10. Nf4 Bd6 11. Nh5 Be5 12. Nc3 Re8 13. Nxf6+ Bxf6 14. Bb5 d4 15. exd4 Bxd4 16. O-O Qg5 17. Kh1 Qh4 18. Kh2 Be5+ 19. Kg1 Bxh3 20. g3 Bxg3 21. Qe1 Bd6 22. Ra4 Qg4+ 0-1


[Site "https://www.chess.com"]

[Event "Titled Tuesday Blitz August 15 Late 2023"]
[White "Bueno, Alfeu Junior Varela"]
[Black "Loay, Sameer"]
[WhiteFideId "2108879"]
[BlackFideId "8104239"]
[WhiteElo "2463"]
[BlackElo "2565"]
[Result "1-0"]
[Round "7"]
[TimeControl "180+1"]
[Date "2023.08.15"]
[WhiteClock "0:00:15"]
[BlackClock "0:00:00"]
[Board "57"]

1. e4 c5 2. Nc3 Nc6 3. f4 g6 4. Nf3 Bg7 5. Bb5 Nd4 6. O-O Nxb5 7. Nxb5 a6 8. Nc3 d6 9. d3 Nf6 10. Kh1 O-O 11. Qe1 e6 12. Qh4 b5 13. f5 exf5 14. Bg5 h6 15. Bxh6 Ng4 16. Bxg7 Kxg7 17. Qg3 Rh8 18. Rae1 Be6 19. h3 Qf6 20. Qxd6 Rad8 21. Qxc5 f4 22. e5 Qf5 23. Nd4 Rxd4 24. Qxd4 Qh5 25. Qxf4 Nh6 26. Ne4 Bxh3 27. gxh3 Qxh3+ 28. Qh2 Qc8 29. Kg2 Nf5 30. Qf4 Rh4 31. Qf3 1-0


[Site "https://www.chess.com"]

[Event "Titled Tuesday Blitz August 15 Late 2023"]
[White "Mazurkiewicz, Michal"]
[Black "Budrewicz, Krzysztof"]
[WhiteFideId "1124943"]
[BlackFideId "1127950"]
[WhiteElo "2436"]
[BlackElo "2564"]
[Result "1/2-1/2"]
[Round "7"]
[TimeControl "180+1"]
[Date "2023.08.15"]
[WhiteClock "0:00:10"]
[BlackClock "0:01:04"]
[Board "58"]

1. e4 e5 2. Nf3 Nc6 3. d3 Nge7 4. g3 Ng6 5. Bg2 Be7 6. O-O d6 7. h4 O-O 8. d4 Bg4 9. d5 Nd4 10. c3 Nxf3+ 11. Bxf3 Bh3 12. Bg2 Qd7 13. h5 Nh8 14. f4 Bxg2 15. Kxg2 exf4 16. Bxf4 f5 17. Nd2 Nf7 18. Qc2 fxe4 19. Nxe4 Rae8 20. Rae1 Qg4 21. Qe2 Qxe2+ 22. Rxe2 Bd8 23. Rfe1 h6 24. c4 Ne5 25. Bxe5 Rxe5 26. Nc3 Rxh5 27. Re8 Rf5 28. Rxf8+ Kxf8 29. Nb5 a6 30. Nd4 Re5 31. Ne6+ Ke7 32. Rxe5 dxe5 33. Nxg7 Kd6 34. Ne6 Bf6 35. Kf3 e4+ 36. Kxe4 Bxb2 37. g4 Bc1 38. c5+ Ke7 39. Nd4 b5 40. Nf5+ Kf6 41. d6 cxd6 42. c6 Ke6 43. Ng7+ Ke7 44. Kd5 Bf4 45. Nf5+ Kd8 46. Nd4 Kc8 47. Ne6 Bh2 48. Nd4 Kc7 49. Nf5 Bf4 50. Ng7 Kb6 51. Ne8 b4 52. Nxd6 a5 53. Nc4+ Kb5 54. Nd6+ Kb6 55. Nc4+ Ka6 56. Ne5 a4 57. Nd3 b3 58. axb3 a3 59. Kc4 Bd6 60. Nc1 Kb6 61. b4 Kxc6 62. Kb3 Bf4 63. Na2 Kd5 64. Kxa3 Ke4 65. Nc3+ Kf3 66. Nd5 Bd6 67. Ka4 Kxg4 68. b5 h5 69. Nf6+ Kg5 70. Nxh5 Kxh5 71. b6 Kg6 72. Kb5 Kf7 73. Kc6 Bf4 74. b7 Ke7 75. b8=N 1/2-1/2


[Site "https://www.chess.com"]

[Event "Titled Tuesday Blitz August 15 Late 2023"]
[White "Postlmayer, Jakob"]
[Black "chessmateto"]
[WhiteFideId "1643622"]
[WhiteElo "2551"]
[BlackElo "2418"]
[Result "0-1"]
[Round "7"]
[TimeControl "180+1"]
[Date "2023.08.15"]
[WhiteClock "0:00:01"]
[BlackClock "0:00:08"]
[Board "59"]

1. Nf3 d5 2. c4 c6 3. e3 Nf6 4. b3 Bg4 5. Bb2 e6 6. h3 Bh5 7. g4 Bg6 8. Ne5 Nbd7 9. Nxg6 hxg6 10. Bg2 Bd6 11. a3 g5 12. d4 Qe7 13. Nd2 e5 14. cxd5 cxd5 15. b4 exd4 16. Bxd4 Ne5 17. Nf3 Nc4 18. Nxg5 O-O-O 19. Nf3 Kb8 20. O-O Qc7 21. Re1 Ne4 22. Rc1 f5 23. g5 Rh5 24. Ne5 Rxg5 25. f4 Rg3 26. Qh5 g6 27. Qh4 g5 28. Qh6 gxf4 29. exf4 Rdg8 30. Re2 Bxe5 31. Bxe5 Ned6 32. Rxc4 Qxc4 33. Qxd6+ Ka8 34. Kh2 Qxe2 35. Qxd5 Rxg2+ 36. Qxg2 Qxg2# 0-1


[Site "https://www.chess.com"]

[Event "Titled Tuesday Blitz August 15 Late 2023"]
[White "Kashefi, Amir Hosein"]
[Black "Bullen, Alex"]
[WhiteFideId "12557935"]
[BlackFideId "1801627"]
[WhiteElo "2546"]
[BlackElo "2344"]
[Result "0-1"]
[Round "7"]
[TimeControl "180+1"]
[Date "2023.08.15"]
[WhiteClock "0:00:00"]
[BlackClock "0:00:12"]
[Board "60"]

1. e4 c6 2. Nf3 d5 3. Nc3 dxe4 4. Nxe4 Nf6 5. Qe2 Nxe4 6. Qxe4 Nd7 7. Bc4 Nf6 8. Ne5 e6 9. Qe2 b5 10. Bb3 Qc7 11. d4 Bd6 12. a4 a6 13. O-O O-O 14. Bg5 Bb7 15. c3 c5 16. axb5 axb5 17. Rxa8 Rxa8 18. Bxf6 gxf6 19. Nxf7 Kxf7 20. Qxe6+ Kg7 21. dxc5 Bxh2+ 22. Kh1 Be5 23. Rd1 Qc8 24. Rd7+ Kh8 25. Bd1 Ra1 26. Qg4 Qf8 27. Kg1 Bc8 28. c6 Bxd7 29. cxd7 Qd8 30. g3 Ra7 31. Bc2 Rxd7 32. Qf5 Rg7 33. Kg2 Qd2 34. Be4 Qg5 35. Qc8+ Rg8 36. Qd7 Qg7 0-1


[Site "https://www.chess.com"]

[Event "Titled Tuesday Blitz August 15 Late 2023"]
[White "D`Arruda, Ricardo D."]
[Black "Young_Catalan_Player09"]
[WhiteFideId "100692"]
[WhiteElo "2545"]
[BlackElo "2341"]
[Result "1/2-1/2"]
[Round "7"]
[TimeControl "180+1"]
[Date "2023.08.15"]
[WhiteClock "0:00:52"]
[BlackClock "0:01:48"]
[Board "61"]

1. Nf3 Nf6 2. d4 d5 3. c4 c6 4. e3 Bf5 5. Nc3 e6 6. Bd3 Bg6 7. O-O Nbd7 8. Qe2 Bb4 9. Bd2 Bxd3 10. Qxd3 Bxc3 11. Bxc3 Ne4 12. Be1 f5 13. Nd2 O-O 14. f3 Nxd2 15. Bxd2 Nf6 16. b3 Qd7 17. Rad1 Rfe8 18. Bc3 Rac8 19. Be1 e5 20. dxe5 Rxe5 21. Bc3 Re6 22. Bxf6 Rxf6 23. cxd5 Qxd5 24. Qxd5+ cxd5 25. Rxd5 Rc2 26. Rf2 Rc1+ 27. Rf1 Rc2 28. Rd7 Rg6 29. g3 Rh6 30. Rf2 Rxf2 31. Kxf2 Rxh2+ 32. Kf1 Rxa2 33. Rxb7 a5 34. f4 h6 35. Rb5 Rb2 36. Rxa5 Rxb3 37. Kf2 g6 38. Ra7 h5 39. Kf3 Rc3 40. Kf2 Rb3 41. Kf3 Rc3 42. Kf2 Rb3 1/2-1/2


[Site "https://www.chess.com"]

[Event "Titled Tuesday Blitz August 15 Late 2023"]
[White "Dragomirescu, Robin-Alexandru"]
[Black "Coelho, Ramyres Santana"]
[WhiteFideId "1213849"]
[BlackFideId "2120690"]
[WhiteElo "2539"]
[BlackElo "2314"]
[Result "1-0"]
[Round "7"]
[TimeControl "180+1"]
[Date "2023.08.15"]
[WhiteClock "0:00:37"]
[BlackClock "0:00:03"]
[Board "62"]

1. b3 e5 2. Bb2 Nc6 3. e3 d5 4. Bb5 Bd6 5. f4 Qe7 6. Nf3 f6 7. Bxc6+ bxc6 8. fxe5 fxe5 9. Nxe5 Bxe5 10. Qh5+ Kd8 11. Qxe5 Qxe5 12. Bxe5 Nf6 13. O-O Rf8 14. Nc3 Ba6 15. d3 Ke7 16. Bxc7 Ng4 17. Bf4 h6 18. h3 Nf6 19. Be5 g5 20. Na4 Nd7 21. Bd4 Bb5 22. Nc5 Rxf1+ 23. Rxf1 Nxc5 24. Bxc5+ Ke6 25. a4 Ba6 26. Rf8 Rxf8 27. Bxf8 h5 28. Bc5 Bb7 29. Bxa7 Ke5 30. Bd4+ Kf5 31. Kf2 g4 32. Kg3 gxh3 33. gxh3 Kg5 34. Bb6 h4+ 35. Kh2 Bc8 36. Bd8+ Kh5 37. b4 Bd7 38. Be7 c5 39. b5 c4 40. dxc4 dxc4 41. e4 Kg6 42. Bxh4 Kf7 43. Kg2 Ke6 44. Bg3 c3 45. Kf2 Be8 46. Ke3 Bg6 47. Kd4 Kd7 48. a5 Kc8 49. a6 Bh7 50. b6 Bxe4 51. Kxe4 1-0


[Site "https://www.chess.com"]

[Event "Titled Tuesday Blitz August 15 Late 2023"]
[White "Yurtseven, Melih"]
[Black "Ardila, Oscar Humberto"]
[WhiteFideId "6312160"]
[BlackFideId "4404742"]
[WhiteElo "2539"]
[BlackElo "2295"]
[Result "1-0"]
[Round "7"]
[TimeControl "180+1"]
[Date "2023.08.15"]
[WhiteClock "0:01:52"]
[BlackClock "0:00:36"]
[Board "63"]

1. b3 Nf6 2. Bb2 e6 3. Nf3 Be7 4. g3 O-O 5. Bg2 d5 6. c4 c6 7. O-O Nbd7 8. d3 Re8 9. Nbd2 Nf8 10. a3 Ng6 11. b4 Bd7 12. Qb3 b6 13. a4 a5 14. b5 cxb5 15. axb5 Rc8 16. cxd5 Nxd5 17. Nc4 Bc5 18. Nd4 Qe7 19. Rfc1 Red8 20. e4 Nb4 21. e5 Be8 22. Nc6 Bxc6 23. bxc6 Rxd3 24. Qa4 Qg5 25. Rf1 Qg4 26. Qb5 h5 27. Nxb6 Bxb6 28. Qxb6 Qe2 29. Qb7 Rdd8 30. c7 Rf8 31. Bd4 Nd5 32. Rfc1 Nxe5 33. Bxe5 Qxe5 34. Rxa5 Rxc7 35. Rxc7 Qxc7 36. Qxc7 Nxc7 37. Rxh5 g6 38. Rc5 Ne8 39. Rc6 Nf6 40. h3 Kg7 41. g4 Rd8 42. g5 Rd1+ 43. Kh2 Nh7 44. h4 Rd4 45. Kg3 Rd3+ 46. f3 Rd4 47. Rc7 Nf8 48. Bh3 e5 49. Re7 e4 50. fxe4 Rd3+ 51. Kh2 Re3 52. Bg4 Re1 53. e5 Re3 54. e6 Nxe6 55. Bxe6 Rxe6 56. Rxe6 fxe6 57. Kg3 Kf7 58. Kf4 Kg7 59. Ke5 Kf7 60. Kd6 e5 61. Kxe5 Kg7 62. Ke6 Kh7 63. Kf7 Kh8 64. Kxg6 Kg8 65. Kh5 Kh8 66. Kg4 Kg8 67. h5 Kh8 68. Kf4 Kg8 69. Kf5 Kh8 70. Ke5 Kg8 71. Ke4 Kh8 72. Kd5 Kg8 73. Kd4 Kh8 74. Ke3 Kg8 75. Kd3 Kh8 76. Ke2 Kg8 77. Kf3 Kh8 78. Kf2 Kg8 79. Kg3 Kh8 80. Kh3 Kg8 81. Kg2 Kh8 82. Kh2 Kg8 83. Kh1 Kh8 84. Kg1 Kg8 85. Kf1 Kh8 86. Ke2 Kg8 87. Ke1 Kh8 88. Kd2 Kg8 89. Kd3 Kh8 90. Ke4 Kg8 91. h6 Kh8 92. Kf5 Kg8 93. Kf4 Kh8 94. g6 Kg8 95. Kg5 Kh8 96. Kh5 Kg8 97. Kh4 Kh8 98. Kg4 Kg8 99. Kf5 Kh8 100. Ke5 Kg8 101. Ke6 Kh8 102. Kd6 Kg8 103. Kc7 Kh8 104. Kc6 Kg8 105. Kd7 Kh8 106. Ke8 Kg8 107. Ke7 Kh8 108. g7+ Kg8 109. Kf6 Kh7 110. Kf7 1-0


[Site "https://www.chess.com"]

[Event "Titled Tuesday Blitz August 15 Late 2023"]
[White "Rustemov, Alexander"]
[Black "Seletsky, Grigory"]
[WhiteFideId "4119002"]
[BlackFideId "14112191"]
[WhiteElo "2756"]
[BlackElo "2488"]
[Result "1/2-1/2"]
[Round "7"]
[TimeControl "180+1"]
[Date "2023.08.15"]
[WhiteClock "0:00:10"]
[BlackClock "0:00:19"]
[Board "64"]

1. d4 c5 2. d5 e5 3. c4 d6 4. Nc3 Nf6 5. e4 Be7 6. Bd3 O-O 7. h3 Na6 8. g4 Nc7 9. a4 a6 10. Nge2 Rb8 11. Ng3 g6 12. Bh6 Re8 13. Qd2 Nd7 14. Kf1 Bh4 15. Kg2 f6 16. Be3 Nf8 17. a5 Bd7 18. b4 cxb4 19. Na4 Bg5 20. Nb6 Bxe3 21. Qxe3 Na8 22. Nxa8 Rxa8 23. Rhb1 Qc7 24. Rxb4 Rab8 25. Qb6 Rec8 26. Qxc7 Rxc7 27. Rb6 Be8 28. Rxd6 Nd7 29. h4 Kf8 30. g5 fxg5 31. hxg5 Bf7 32. Rh1 Ke7 33. Rb6 Nxb6 34. axb6 Rcc8 35. Kf3 Bg8 36. Ke3 Kd6 37. f4 exf4+ 38. Kxf4 Kc5 39. Rb1 Kd4 40. Rb3 Rf8+ 41. Kg4 Rbc8 42. Ne2+ Ke5 43. Ng1 Kd6 44. Nf3 Rce8 45. e5+ Rxe5 46. Nxe5 Kxe5 47. Be2 Rf4+ 48. Kg3 Re4 49. Kf2 Rf4+ 50. Ke3 Re4+ 51. Kd2 Rd4+ 52. Bd3 Bxd5 53. cxd5 Rxd5 54. Ke3 Rd7 55. Be4 Re7 56. Rd3 Rf7 57. Rd5+ Ke6 58. Kd4 Rf2 59. Rc5 Rb2 60. Bxb7 Rxb6 61. Bc8+ Kd6 62. Rd5+ Kc7 63. Bh3 Rd6 64. Ke5 Rxd5+ 65. Kxd5 Kd8 66. Ke6 Ke8 67. Bf1 a5 68. Bb5+ Kf8 69. Kf6 Kg8 70. Ba4 h6 71. gxh6 Kh8 72. Kg5 Kg8 73. Bb5 Kh8 74. Kxg6 a4 75. Bxa4 Kg8 76. Kg5 Kh7 77. Bb3 Kh8 78. Bc2 Kg8 79. Bg6 Kh8 80. Bf5 Kg8 81. Be4 Kh8 82. Bd3 Kg8 83. Bc2 Kh8 84. Kh5 Kg8 85. Kg6 Kh8 86. Bb1 Kg8 87. Bd3 Kh8 88. h7 1/2-1/2


[Site "https://www.chess.com"]

[Event "Titled Tuesday Blitz August 15 Late 2023"]
[White "Mendez Fortes, Eduardo Jesus"]
[Black "Merino Garcia, Rafael II"]
[WhiteFideId "3502376"]
[BlackFideId "2209128"]
[WhiteElo "2603"]
[BlackElo "2486"]
[Result "1/2-1/2"]
[Round "7"]
[TimeControl "180+1"]
[Date "2023.08.15"]
[WhiteClock "0:00:20"]
[BlackClock "0:00:07"]
[Board "65"]

1. e4 d6 2. d4 Nd7 3. Nc3 g6 4. f4 c5 5. Nf3 cxd4 6. Nxd4 Bg7 7. Be3 Ngf6 8. Bd3 O-O 9. O-O Nc5 10. Nb3 Nxd3 11. cxd3 Ng4 12. Bd2 Qb6+ 13. Kh1 Nf2+ 14. Rxf2 Qxf2 15. Nd5 e6 16. Ne3 Qh4 17. g3 Qe7 18. d4 Bd7 19. Bb4 Bc6 20. Qd3 f5 21. d5 exd5 22. exd5 Bd7 23. Nc4 Bb5 24. Re1 Qc7 25. Nbd2 Rfe8 26. Rd1 a5 27. Ba3 Rad8 28. b3 Ba6 29. Qf3 b5 30. Ne3 b4 31. Bc1 Qc3 32. Ndf1 Re4 33. Qf2 Rde8 34. Nc4 Bxc4 35. bxc4 Re2 36. Bd2 Rxf2 37. Bxc3 bxc3 38. Kg1 Ree2 39. c5 c2 40. Rc1 dxc5 41. d6 Rd2 42. d7 Rfe2 43. Rxc2 Rxd7 44. Rxe2 c4 45. Rc2 c3 46. Kg2 Rb7 47. Kf3 Rb2 48. Ne3 Bd4 49. Rc1 Bxe3 50. Kxe3 Rxh2 51. Rxc3 Rxa2 52. Kd4 Kg7 53. Ke5 a4 54. Rc7+ Kh6 55. Rc1 Rh2 56. Ra1 Re2+ 57. Kf6 Rh2 58. Rxa4 Kh5 59. Kg7 Kg4 60. Ra3 Rh3 61. Ra4 Rxg3 62. Kxh7 Rf3 63. Kxg6 Rxf4 64. Ra1 Ra4 65. Rxa4+ f4 66. Kf6 Kg3 67. Kf5 f3 68. Ra3 Kg2 69. Kg4 f2 70. Rg3+ Kh1 71. Rh3+ Kg1 72. Rg3+ Kh1 73. Rf3 Kg1 74. Rg3+ Kh1 1/2-1/2


[Site "https://www.chess.com"]

[Event "Titled Tuesday Blitz August 15 Late 2023"]
[White "Altman, Joshua"]
[Black "Itkis, Boris"]
[WhiteFideId "426210"]
[BlackFideId "1209167"]
[WhiteElo "2596"]
[BlackElo "2484"]
[Result "1-0"]
[Round "7"]
[TimeControl "180+1"]
[Date "2023.08.15"]
[WhiteClock "0:01:52"]
[BlackClock "0:00:39"]
[Board "66"]

1. Nf3 d5 2. d4 Nf6 3. c4 e6 4. Nc3 Be7 5. cxd5 exd5 6. Bg5 O-O 7. Qc2 h6 8. Bh4 c6 9. e3 Re8 10. Bd3 Nbd7 11. O-O Nf8 12. h3 Be6 13. Ne5 N6d7 14. Bxe7 Qxe7 15. f4 Nxe5 16. fxe5 Rac8 17. Qf2 c5 18. Nb5 Red8 19. Nxa7 Ra8 20. Nb5 c4 21. Bf5 Bxf5 22. Qxf5 Rd7 23. Nd6 Ne6 24. Qh5 Qg5 25. Qf3 f6 26. Qxd5 Qxe3+ 27. Kh1 Re8 28. exf6 gxf6 29. Rae1 1-0


[Site "https://www.chess.com"]

[Event "Titled Tuesday Blitz August 15 Late 2023"]
[White "Sivakumar, Shaaketh"]
[Black "Michalczak, Thomas"]
[WhiteFideId "30940176"]
[BlackFideId "4622634"]
[WhiteElo "2595"]
[BlackElo "2483"]
[Result "0-1"]
[Round "7"]
[TimeControl "180+1"]
[Date "2023.08.15"]
[WhiteClock "0:02:44"]
[BlackClock "0:02:29"]
[Board "67"]

1. g4 d5 2. Bg2 c6 3. h3 e5 4. b3 Bd6 5. Bb2 Ne7 6. d3 Ng6 7. e3 O-O 8. Nd2 f5 9. gxf5 Nh4 10. Bf1 Bxf5 11. Ne2 Bb4 12. Ng3 Bg6 13. Be2 Ng2+ 0-1


[Site "https://www.chess.com"]

[Event "Titled Tuesday Blitz August 15 Late 2023"]
[White "Isajevsky, Anton"]
[Black "Bazilius, Augustinas"]
[WhiteFideId "4142500"]
[BlackFideId "12832251"]
[WhiteElo "2591"]
[BlackElo "2471"]
[Result "1/2-1/2"]
[Round "7"]
[TimeControl "180+1"]
[Date "2023.08.15"]
[WhiteClock "0:00:02"]
[BlackClock "0:00:24"]
[Board "68"]

1. c4 Nf6 2. Nc3 c5 3. Nf3 d5 4. cxd5 Nxd5 5. g3 Nc6 6. Bg2 Nc7 7. Qa4 f6 8. d4 Bd7 9. dxc5 e5 10. O-O Bxc5 11. Rd1 Qe7 12. Ne4 O-O-O 13. Nxc5 Qxc5 14. Be3 Qb5 15. Qxb5 Nxb5 16. Rac1 Kb8 17. a4 Nc7 18. Nd2 Ne6 19. Kf1 Ned4 20. Bxd4 Nxd4 21. e3 Ne6 22. b3 Rc8 23. Nc4 Bc6 24. Bh3 Rce8 25. Rd6 Ng5 26. Bd7 Bxd7 27. Rxd7 Rd8 28. Rcd1 Kc8 29. R7d6 Kc7 30. Ke2 Ne4 31. Rxd8 Rxd8 32. Rc1 Kd7 33. b4 Ke6 34. f3 Nd6 35. Rd1 Rd7 36. Nxd6 Rxd6 37. Rxd6+ Kxd6 38. Kd3 Kd5 39. e4+ Kd6 40. Kc4 Kc6 41. h4 g5 42. h5 b6 43. b5+ Kd6 44. g4 Ke6 45. Kb4 Kd6 46. Kc4 1/2-1/2


[Site "https://www.chess.com"]

[Event "Titled Tuesday Blitz August 15 Late 2023"]
[White "Krishnan, Varun"]
[Black "Tsyhanchuk, Stanislav"]
[WhiteFideId "5054508"]
[BlackFideId "13505130"]
[WhiteElo "2578"]
[BlackElo "2457"]
[Result "1-0"]
[Round "7"]
[TimeControl "180+1"]
[Date "2023.08.15"]
[WhiteClock "0:00:14"]
[BlackClock "0:00:10"]
[Board "69"]

1. d4 Nf6 2. c4 e6 3. Nc3 Bb4 4. f3 O-O 5. e4 d5 6. e5 Nh5 7. Be3 g6 8. g4 Ng7 9. Qd2 dxc4 10. Bxc4 Nd7 11. h4 Nb6 12. Bb3 h5 13. Nge2 Nd5 14. Bg5 Qe8 15. Ng3 Qc6 16. Nge4 Kh8 17. Bf6 Kh7 18. Rg1 Nxc3 19. bxc3 Ba5 20. Bxg7 Kxg7 21. gxh5 Rh8 22. hxg6 fxg6 23. Qg5 Qe8 24. Qf6+ Kh7 25. h5 Bd7 26. Rxg6 Qf8 27. Ng5# 1-0


[Site "https://www.chess.com"]

[Event "Titled Tuesday Blitz August 15 Late 2023"]
[White "dr_tatiana"]
[Black "Caspi, Israel"]
[BlackFideId "2807394"]
[WhiteElo "2454"]
[BlackElo "2567"]
[Result "0-1"]
[Round "7"]
[TimeControl "180+1"]
[Date "2023.08.15"]
[WhiteClock "0:00:00"]
[BlackClock "0:01:06"]
[Board "70"]

1. e4 d5 2. exd5 Qxd5 3. Nc3 Qd6 4. d4 Nf6 5. g3 Bg4 6. Nf3 Nc6 7. Bg2 O-O-O 8. O-O e5 9. h3 Bxf3 10. Qxf3 Qxd4 11. Be3 Qb4 12. a3 Qe7 13. Rfd1 Rxd1+ 14. Rxd1 Kb8 15. Nb5 e4 16. Qf5 g6 17. Qf4 Bg7 18. g4 h6 19. b4 a6 20. Nd4 Ne5 21. Nb3 Nc4 22. Bc5 Qe8 23. Bf1 Nxa3 24. Bb6 Qc6 25. Ba5 Rc8 26. Nc5 Nxc2 27. h4 Nd5 28. Qxf7 Bd4 29. Rxd4 Nxd4 30. Bc4 Nf3+ 31. Kf1 Nd2+ 32. Kg2 Nxc4 33. Nd7+ Ka7 0-1


[Site "https://www.chess.com"]

[Event "Titled Tuesday Blitz August 15 Late 2023"]
[White "Vovk, Orest"]
[Black "WindWhistler11"]
[WhiteFideId "14113490"]
[WhiteElo "2567"]
[BlackElo "2444"]
[Result "1/2-1/2"]
[Round "7"]
[TimeControl "180+1"]
[Date "2023.08.15"]
[WhiteClock "0:00:07"]
[BlackClock "0:00:18"]
[Board "71"]

1. e4 e6 2. Nc3 d5 3. Qe2 Be7 4. f4 b6 5. Nf3 Ba6 6. d3 dxe4 7. Qxe4 Nd7 8. Bd2 Ngf6 9. Qa4 Bb7 10. O-O-O O-O 11. d4 a6 12. Ne5 b5 13. Qa5 Nb6 14. Be3 Nfd5 15. Nxd5 Nxd5 16. Bd2 Qc8 17. c4 Nf6 18. Bd3 Rd8 19. Bb4 c5 20. dxc5 Rd4 21. Bxh7+ Nxh7 22. Rxd4 Bd8 23. Rxd8+ Qxd8 24. Qxd8+ Rxd8 25. c6 Bc8 26. cxb5 axb5 27. Rd1 Rxd1+ 28. Kxd1 Nf6 29. b3 Nd5 30. Bd2 f6 31. Nd7 Kf7 32. a4 bxa4 33. bxa4 Ke7 34. f5 exf5 35. a5 Kd6 36. Nb6 Nxb6 37. axb6 Kxc6 38. Be3 Kd5 39. Ke2 Ke4 40. Kf2 Bb7 41. Bc5 f4 42. Bf8 g5 43. Be7 Kf5 44. Bd8 Ke6 45. Bc7 Kf5 46. Bd8 Kg6 47. Kg1 f5 48. Kf2 Kh5 49. Kg1 Kg4 50. Kf2 Bc6 51. h3+ Kh5 52. Bc7 Kg6 53. Bd6 Bb7 54. Bb8 Kf6 55. Bc7 Ke6 56. Bd8 g4 57. h4 Ke5 58. g3 Ke4 59. Bc7 fxg3+ 60. Kxg3 Kd5 61. h5 Ke6 62. h6 Kf6 63. Be5+ Kg6 64. Bg7 Kh7 65. Kf4 Kg6 66. Bf8 Be4 67. Kg3 Kf7 68. Bg7 Kg6 69. Kf4 Kh7 70. Bf8 Kg8 71. Bg7 Kf7 72. Kg3 Kg6 73. Kf4 Bc6 74. Ke3 Bb5 75. Kf4 Bc6 76. Kg3 Ba8 77. Kf4 Kf7 78. Kg3 Kg8 79. Kh4 Kh7 80. Kg3 Bb7 81. Bf8 Kg6 82. Bd6 Kxh6 83. Bf4+ Kg6 84. Bc7 Kf7 85. Bf4 Ke6 86. Bc7 Kd5 87. Bf4 Bc6 88. Bc7 Ba8 89. Bb8 Ke4 90. Bc7 Bb7 91. Bf4 Kd5 92. Bc7 Kc5 93. Kf4 Bc8 94. Kg3 Kc6 95. Kf4 Bd7 96. Kg3 Kb7 97. Kf4 Kc6 98. Kg3 Bc8 99. Kf4 Bb7 100. Kg3 Kd5 101. Kf4 Ke6 102. Kg3 Kf6 103. Bf4 Kg6 104. Be5 Kh5 105. Bf4 Kg6 1/2-1/2


[Site "https://www.chess.com"]